 Dungeon Crawl Stone Soup version 0.25-a0-458-g6fc7858b95 (webtiles) character file.

Game seed: 12238302223674738986, levelgen mode: deterministic

1884 mopl the Slasher (level 8, -6/56 HPs)
             Began as a Demonspawn Skald on Feb 3, 2020.
             Was an Initiate of Makhleb.
             Collided with a spectral weapon (16 damage)
             ... caused by Erica
             ... on level 8 of the Dungeon.
             The game lasted 00:16:59 (6639 turns).

mopl the Slasher (Demonspawn Skald)                 Turns: 6639, Time: 00:17:05

Health: -6/56      AC:  9    Str: 19    XL:     8   Next: 92%
Magic:  0/12       EV: 16    Int: 14    God:    Makhleb [......]
Gold:   228        SH:  0    Dex: 18    Spells: 3/13 levels left

rFire    . . .     SeeInvis +   a - +0 falchion
rCold    + . .     Gourm    .   (no shield)
rNeg     . . .     Faith    .   s - +0 ring mail
rPois    .         Spirit   +   p - +0 helmet
rElec    .         Reflect  .   A - scarf {repulsion}
rCorr    .         Harm     .   (no gloves)
MR       .....                  w - +0 pair of boots
Stlth    ++........             L - amulet of the acrobat
HPRegen  0.18/turn              l - ring of see invisible
MPRegen  0.13/turn              D - ring of protection from cold

@: mighty, agile, repel missiles
A: talons 1, yellow scales 1, powered by pain 1, magic shield
a: Renounce Religion


You were on level 8 of the Dungeon.
You worshipped Makhleb.
Makhleb was noncommittal.
You were not hungry.

You visited 2 branches of the dungeon, and saw 9 of its levels.

You collected 228 gold pieces.

Inventory:

Hand Weapons
 a - a +0 falchion (weapon)
 b - a +0 hunting sling
 d - a +0 short sword of venom
 o - a +2 vampiric dagger
 G - a +0 fustibalus
Missiles
 t - 158 stones
 v - 2 boomerangs
 B - a throwing net
 H - 3 datura-tipped darts (quivered)
Armour
 p - a +0 helmet (worn)
 s - a +0 ring mail (worn)
 w - a +0 pair of boots (worn)
 A - a scarf of repulsion (worn)
Jewellery
 l - a ring of see invisible (left hand)
 D - a ring of protection from cold (right hand)
 L - an amulet of the acrobat (around neck)
Wands
 m - a wand of digging (7)
 F - a wand of flame (8)
Scrolls
 e - 2 scrolls of amnesia
 r - 2 scrolls of random uselessness {unknown}
 u - 4 scrolls of remove curse {unknown}
 y - a scroll of teleportation {unknown}
 C - a scroll of fog {unknown}
 J - a scroll of fear {unknown}
 K - a scroll of enchant weapon {unknown}
 M - a scroll of blinking
Potions
 f - 5 potions of curing
 g - a potion of flight
 h - 3 potions of heal wounds
 j - a potion of brilliance
 n - a potion of ambrosia
 q - 2 potions of invisibility {unknown}
 x - a potion of haste
 z - 2 potions of degeneration {unknown}
 E - a potion of magic
Comestibles
 c - 17 rations


   Skills:
 - Level 2.0 Fighting
 * Level 7.8 Long Blades
 - Level 0.8 Armour
 - Level 1.7 Dodging
 - Level 3.0 Spellcasting
 - Level 3.0 Hexes
 + Level 5.9 Charms
 - Level 2.1 Translocations
 + Level 3.0 Invocations


You had 3 spell levels left.
You knew the following spells:

 Your Spells              Type           Power        Failure   Level  Hunger
a - Infusion              Chrm           ###.         3%          1    #......
b - Song of Slaying       Chrm           ###.....     4%          2    ##.....
c - Spectral Weapon       Hex/Chrm       ##......     17%         3    ###....
d - Apportation           Tloc           #.....       16%         1    #......
f - Shroud of Golubria    Chrm/Tloc      ##....       11%         2    ##.....
x - Animate Skeleton      Necr           N/A          36%         1    #......

Your spell library contained the following spells:

 Spells                   Type           Power        Failure   Level  Hunger
 Corona                   Hex            ##.....      11%         1    #......
 Ozocubu's Armour         Chrm/Ice       ##......     32%         3    ###....
 Summon Small Mammal      Summ           #...         36%         1    #......


Dungeon Overview and Level Annotations

Branches:
Dungeon (8/15)             Temple (1/1) D:7
   Lair: D:8-11

Altars:
Ashenzari
Cheibriados
Makhleb
Okawaru
Qazlal
Xom

Shops:
D:7 %

Annotations:
D:1 fly
D:6 1 runed translucent door, DEFE's ghost, novice DsFi
D:8 Erica; Maggie


Innate Abilities, Weirdness & Mutations

You have sharp toenails.
You are partially covered in yellow scales. (AC +2)
You sometimes gain a little power by taking damage.
When hurt, damage is shared between your health and your magic reserves.


Message History

The howler monkey hits you but does no damage.
The crocodile bites your spectral weapon.
Your spectral weapon shares its damage with you!
Erica hits you but does no damage. Maggie closely misses you.
You riposte.
You slash Maggie!
Maggie is almost dead.
You hit Maggie.
Maggie is almost dead.
The howler monkey hits you.
Your spectral weapon hits Maggie but does no damage.
Erica points at you and mumbles some strange words.
The lance of force hits you!!
* * * LOW HITPOINT WARNING * * *
You focus on the pain.
You feel agile all of a sudden.
You are knocked back by the lance of force.
You collide with your spectral weapon!
Your spectral weapon shares its damage with you!
Your spectral weapon fades away.
You die...

. ###########...
...#.?@..#...(...
......h@.....#
...#...@t#####
...........
..#...##.....
...#.. ..###...
.. #.. ... ## .
#. .... #. ..###


You could see Erica (invisible), Maggie, a howler monkey and a neutral crocodile
(insane).

Vanquished Creatures
  A spriggan (D:7)
  Sigmund (D:3)
  A hungry ghost (D:7)
  An ogre (D:4)
  A sky beast (D:5)
  A phantom (D:7)
  2 centaurs (D:6)
  A bullfrog (D:6)
  A wyvern skeleton (D:7)
  2 scorpions (D:4)
  A howler monkey (D:4)
  2 crimson imps
  3 jellies
  A quasit (D:7)
  An orc priest (D:7)
  A hound (D:7)
  A bullfrog skeleton (D:4)
  A gnoll shaman (D:4)
  2 orc wizards (D:5)
  A centaur skeleton (D:7)
  An iguana (D:5)
  2 worker ants
  Robin (D:2)
  9 gnolls
  4 adders
  A shadow imp (D:6)
  2 oozes (D:1)
  2 worms
  6 leopard geckos
  12 orcs
  2 ball pythons (D:2)
  14 bats
  4 giant cockroaches
  20 goblins
  10 hobgoblins
  6 jackals
  2 quokkas
  4 frilled lizards
  A jackal skeleton (D:5)
  9 kobolds
  A quokka skeleton (D:4)
  9 rats
148 creatures vanquished.

Vanquished Creatures (collateral kills)
  An orc wizard (D:8)
  4 orcs (D:8)
5 creatures vanquished.

Vanquished Creatures (others)
  2 spectral weapons (D:8)
2 creatures vanquished.

Grand Total: 155 creatures vanquished

Notes
Turn   | Place    | Note
-------+----------+-------------------------------------------
     0 | D:1      | mopl the Demonspawn Skald began the quest for the Orb.
     0 | D:1      | Reached XP level 1. HP: 16/16 MP: 3/3
    10 | D:1      | Reached skill level 2 in Long Blades
    78 | D:1      | Gained mutation: You are partially covered in yellow
                  | scales. (AC +2) [demonic ancestry]
    78 | D:1      | Reached XP level 2. HP: 17/22 MP: 5/5
    85 | D:1      | Learned a level 2 spell: Song of Slaying
    88 | D:1      | Learned a level 2 spell: Shroud of Golubria
   539 | D:1      | Reached skill level 3 in Charms
   539 | D:1      | Gained mutation: When hurt, damage is shared between your
                  | health and your magic reserves. [demonic ancestry]
   539 | D:1      | Reached XP level 3. HP: 18/27 MP: 6/6
   868 | D:2      | Reached skill level 3 in Long Blades
  1103 | D:2      | Gained mutation: You sometimes gain a little power by
                  | taking damage. [demonic ancestry]
  1103 | D:2      | Reached XP level 4. HP: 26/33 MP: 7/7
  1126 | D:2      | Noticed Robin
  1147 | D:2      | Killed Robin
  2599 | D:3      | Found a faded altar of an unknown god.
  2728 | D:3      | HP: 1/33 [disintegration (6)]
  3016 | D:3      | Reached XP level 5. HP: 38/38 MP: 8/8
  3041 | D:3      | Noticed Sigmund
  3076 | D:3      | Killed Sigmund
  3076 | D:3      | Reached skill level 4 in Long Blades
  3076 | D:3      | Reached skill level 1 in Translocations
  3076 | D:3      | Reached XP level 6. HP: 40/44 MP: 7/10
  3225 | D:3      | Reached skill level 3 in Spellcasting
  3300 | D:3      | Learned a level 3 spell: Spectral Weapon
  3302 | D:3      | Learned a level 1 spell: Apportation
  3304 | D:3      | Learned a level 1 spell: Animate Skeleton
  3508 | D:4      | Reached skill level 4 in Charms
  3508 | D:4      | Reached skill level 2 in Translocations
  3518 | D:4      | Found an iron altar of Okawaru.
  3684 | D:4      | Reached skill level 5 in Long Blades
  3741 | D:4      | Reached XP level 7. HP: 50/50 MP: 11/11
  4267 | D:4      | You fall into a shaft and drop 1 floor!
  4267 | D:5      | Entered Level 5 of the Dungeon
  4474 | D:5      | Reached skill level 6 in Long Blades
  4891 | D:5      | Reached skill level 5 in Charms
  5066 | D:6      | Found a shimmering altar of Xom.
  5095 | D:6      | Reached skill level 1 in Hexes
  5095 | D:6      | Gained mutation: You have sharp toenails. [demonic
                  | ancestry]
  5095 | D:6      | Reached XP level 8. HP: 47/56 MP: 9/12
  5276 | D:6      | Noticed DEFE's ghost (novice DsFi)
  5283 | D:6      | Found a runed translucent door.
  5336 | D:6      | Reached skill level 2 in Hexes
  5363 | D:6      | Reached skill level 7 in Long Blades
  5645 | D:7      | Found a staircase to the Ecumenical Temple.
  5664 | Temple   | Entered the Ecumenical Temple
  5678 | Temple   | Became a worshipper of Makhleb the Destroyer
  6042 | D:7      | Reached skill level 1 in Invocations
  6188 | D:7      | Reached skill level 2 in Invocations
  6197 | D:7      | Found Bucy's Food Emporium.
  6219 | D:7      | Reached skill level 3 in Hexes
  6435 | D:7      | Reached skill level 3 in Invocations
  6619 | D:8      | Noticed Maggie
  6625 | D:8      | Noticed Erica
  6639 | D:8      | Collided with a spectral weapon

Levels and vault maps discovered:
D:1:      erik_arrival_gehennom, layout_basic, minmay_misc_feat_columns
D:2:      cheibrodos_old_hovel, layout_basic, serial_forest,
          infiniplex_forest_clump_large, infiniplex_forest_lined_ring,
          infiniplex_forest_end_2, infiniplex_forest_straight_4,
          infiniplex_forest_clump_large, infiniplex_forest_clump_cross,
          grunt_ministairs_2, uniq_robin
D:3:      layout_basic, chequers_ecumenical_altar_simple_redux,
          minmay_misc_feat_alley, uniq_sigmund
D:4:      layout_loops_ring, nicolae_overflow_crystal_walls
D:5:      layout_rooms, first_ration
D:6:      layout_gridville, hellmonk_ghost_happy_afterlife, xom_teletrap_fun
D:7:      layout_loops_corners, minmay_temple_entry_proselytizer, the_bakery,
          nicolae_shop_scaring_up_business
D:8:      layout_rooms, ebering_ghost_reflecting_pool, eino_jars, uniq_erica,
          uniq_gastronok, uniq_maggie
Temple:   minmay_crystal_snake_temple

Skill      XL: |  1  2  3  4  5  6  7  8 |
---------------+-------------------------+-----
Long Blades    | 2 3 4 5 6 7 |  7.8
Charms         | 3 4 5 |  5.9
Translocations | 1 2 |  2.1
Spellcasting   | 3 |  3.0
Hexes          | 1 3 |  3.0
Invocations    | 3 |  3.0
Fighting       | |  2.0
Armour         | |  0.8
Dodging        | |  1.7

Action                   |  1- 3 |  4- 6 |  7- 9 || total
-------------------------+-------+-------+-------++-------
Melee: Falchion          |   129 |    68 |    26 ||   223
       Short sword       |       |   134 |   251 ||   385
 Fire: Hunting sling     |       |     5 |       ||     5
Throw: Stone             |       |     4 |     1 ||     5
       Dart              |       |       |     1 ||     1
 Cast: Infusion          |     2 |     4 |     1 ||     7
       Song of Slaying   |     3 |     6 |     1 ||    10
       Shroud of Golubri |       |     4 |     3 ||     7
       Spectral Weapon   |       |       |     7 ||     7
Evoke: Wand              |       |     3 |     9 ||    12
  Use: Scroll            |       |     3 |     6 ||     9
       Potion            |       |     2 |     1 ||     3
 Stab: Sleeping          |     1 |       |       ||     1
       Distracted        |       |       |     1 ||     1
  Eat: Chunk             |     1 |    10 |     9 ||    20
       Ration            |       |       |     1 ||     1
Armor: Leather armour    |    66 |    25 |       ||    91
       Ring mail         |       |    54 |    94 ||   148
Dodge: Dodged            |    98 |   114 |   133 ||   345
       Deflected         |       |     4 |     5 ||     9
       Rpst.: Falchion   |    23 |    10 |     4 ||    37

Table legend:
 A = Non-vault XP
 B = Vault XP
 C = Vault XP percentage of total XP
 D = Non-vault monster count
 E = Vault monster count
 F = Vault count percentage of total count
                 A         B        C        D         E       F
            +---------+---------+-------+---------+---------+-------
      Total |    1954 |     738 |  27.4 |     129 |      24 |  15.7
            +---------+---------+-------+---------+---------+-------
        D:1 |      42 |      18 |  30.0 |      24 |       5 |  17.2
        D:2 |      67 |      41 |  38.0 |      31 |      15 |  32.6
        D:3 |      93 |     223 |  70.6 |      21 |       1 |   4.5
        D:4 |     540 |       0 |   0.0 |      20 |       0 |   0.0
        D:5 |     313 |       0 |   0.0 |      12 |       0 |   0.0
        D:6 |     497 |       0 |   0.0 |       9 |       0 |   0.0
        D:7 |     374 |     456 |  54.9 |       7 |       3 |  30.0
        D:8 |      28 |       0 |   0.0 |       5 |       0 |   0.0
            +---------+---------+-------+---------+---------+-------
